 Dungeon Crawl Stone Soup version 0.25.1-2-g60ff931df9 (webtiles) character file.

Game seed: 17848984304629181924

691 hawla the Magician (level 7, 0/52 HPs)
             Began as a Green Draconian Fire Elementalist on Oct 15, 2020.
             Slain by an orc warrior
             ... wielding a +0 short sword
              (15 damage)
             ... on level 7 of the Dungeon.
             The game lasted 00:23:11 (5276 turns).

hawla the Magician (DrFE)                           Turns: 5276, Time: 00:23:12

Health: 0/52       AC:  7    Str: 12    XL:     7   Next: 36%
Magic:  8/14       EV: 13    Int: 15    God:
Gold:   249        SH:  0    Dex: 12    Spells: 10/15 levels left

rFire    . . .     SeeInvis .   (no weapon)
rCold    . . .     Gourm    .   (no shield)
rNeg     . . .     Faith    .   (armour unavailable)
rPois    +         Spirit   .   (helmet restricted)
rElec    .         Reflect  .   (no cloak)
rCorr    .         Harm     .   i - +0 pair of gloves
MR       .....                  (no boots)
Stlth    ++........             j - amulet of magic regeneration
HPRegen  0.17/turn              (no ring)
MPRegen  0.39/turn              (no ring)

@: very slightly contaminated
A: breathe noxious fumes, unfitting armour, poison resistance, cold-blooded, AC
+6
a: Breathe Noxious Fumes


You were on level 7 of the Dungeon.
You were not hungry.

You visited 2 branches of the dungeon, and saw 7 of its levels.

You collected 249 gold pieces.

Inventory:

Missiles
 g - 5 poisoned darts (quivered)
Armour
 i - a +0 pair of gloves (worn)
Jewellery
 c - an uncursed amulet of regeneration
 j - an amulet of magic regeneration (around neck)
Wands
 d - a wand of acid (7)
Scrolls
 a - a scroll of enchant weapon
 f - a scroll of remove curse
 h - 3 scrolls of identify
 k - 2 scrolls of teleportation
 m - a scroll of magic mapping
Potions
 e - a potion of stabbing
 l - a potion of invisibility {unknown}
 n - a potion of degeneration {unknown}
Comestibles
 b - 10 rations


   Skills:
 + Level 1.0 Fighting
 + Level 0.4 Throwing
 + Level 3.1 Dodging
 + Level 3.1 Stealth
 + Level 4.9 Spellcasting
 + Level 2.9 Conjurations
 + Level 4.7 Fire Magic


You had 10 spell levels left.
You knew the following spells:

 Your Spells              Type           Power        Failure   Level  Hunger
a - Foxfire               Conj/Fire      ###.         3%          1    None
b - Sticky Flame          Conj/Fire      ###.....     34%         4    ####...

Your spell library contained the following spells:

 Spells                   Type           Power        Failure   Level  Hunger
 Conjure Flame            Conj/Fire      ###.....     11%         3    ###....
 Inner Flame              Hex/Fire       ##......     19%         3    ###....
 Fireball                 Conj/Fire      ###.......   67%         5    ######.


Dungeon Overview and Level Annotations

Branches:
Dungeon (5/15)             Temple (1/1) D:4

Altars:
Cheibriados
Dithmenos
Elyvilon
Gozag
Hepliaklqana
Kikubaaqudgha
Makhleb
Okawaru
Ru
Trog
Uskayaw
Vehumet
Wu Jian
Xom
Yredelemnul
Zin

Annotations:
D:3 1 runed translucent door, tinescath's ghost, amateur MfSk


Innate Abilities, Weirdness & Mutations

You can breathe blasts of noxious fumes.
Your lurid green scales are hard. (AC +6)
You cannot fit into any form of body armour.
Your system is resistant to poisons. (rPois)
You are cold-blooded and may be slowed by cold attacks.


Message History

You conjure some foxfire!
The orc warrior hits you but does no damage.
The orc hits you.
* * * LOW HITPOINT WARNING * * *
Your foxfire dissipates!
The foxfire hits the orc warrior.
The orc warrior is almost dead.
Casting: Foxfire (safe; 3% risk of failure)
Confirm with . or Enter, or press ? or * to list all spells.
You conjure some foxfire!
The orc warrior completely misses you. The orc misses you.
The foxfire hits the orc warrior.
The orc warrior is almost dead.
The foxfire hits the orc warrior but does no damage.
The orc warrior is almost dead.
Casting: Foxfire (safe; 3% risk of failure)
Confirm with . or Enter, or press ? or * to list all spells.
You conjure some foxfire!
The orc warrior hits you with a +0 short sword!
You die...

##+# ##...##
##.....## #
##.......######.##
#.....v§o........#.#
+......@o.....).....
#.......v.####......
##........# .....
##.....#.# [...
##...##... ...
##'######.# .. #.# #
# #.# ##.##


You could see an orc warrior and an orc.

Vanquished Creatures
  Sigmund (D:3)
  3 hounds
  A centaur skeleton (D:4)
  An orc priest (D:4)
  2 orc wizards
  A bullfrog skeleton (D:4)
  Jessica (D:2)
  A worker ant (D:4)
  3 gnolls
  12 adders
  2 oozes
  5 worms
  2 dart slugs
  4 leopard geckos
  11 orcs
  4 ball pythons
  7 bats
  6 giant cockroaches
  3 goblins
  5 hobgoblins
  2 jackals (D:2)
  2 quokkas
  4 frilled lizards
  5 kobolds
  8 rats
96 creatures vanquished.

Vanquished Creatures (others)
  360 foxfires
360 creatures vanquished.

Grand Total: 456 creatures vanquished

Notes
Turn   | Place    | Note
-------+----------+-------------------------------------------
     0 | D:1      | hawla the Draconian Fire Elementalist began the quest for
                  | the Orb.
     0 | D:1      | Reached XP level 1. HP: 14/14 MP: 3/3
   301 | D:1      | Reached XP level 2. HP: 16/20 MP: 3/5
  1100 | D:2      | Reached XP level 3. HP: 22/26 MP: 2/6
  1789 | D:2      | Noticed Jessica
  1795 | D:2      | Killed Jessica
  1795 | D:2      | Reached XP level 4. HP: 22/33 MP: 4/8
  2432 | D:3      | Reached XP level 5. HP: 38/38 MP: 2/9
  2900 | D:3      | Found a runed translucent door.
  2900 | D:3      | Noticed tinescath's ghost (amateur MfSk)
  3108 | D:3      | Noticed Sigmund
  3261 | D:3      | Learned a level 4 spell: Sticky Flame
  3383 | D:3      | Killed Sigmund
  3383 | D:3      | Reached XP level 6. HP: 7/46 MP: 2/12
  3958 | D:4      | Your scales start taking on a lurid green colour.
  3958 | D:4      | Reached XP level 7. HP: 30/51 MP: 0/13
  3958 | D:4      | Gained mutation: Your system is resistant to poisons.
                  | (rPois) [Green Draconian growth]
  4359 | D:4      | Reached skill level 1 in Fighting
  4826 | D:4      | Found a staircase to the Ecumenical Temple.
  4839 | Temple   | Entered the Ecumenical Temple
  5055 | D:5      | Entered Level 5 of the Dungeon
  5069 | D:5      | You fall into a shaft and drop 2 floors!
  5276 | D:7      | Slain by an orc warrior

Illustrated notes

Levels and vault maps discovered:
D:1:      psy_arrival_conway, layout_loops_ring
D:2:      layout_basic, hangedman_abyss_or_decor_stabs, uniq_jessica
D:3:      layout_loops_ring, hellmonk_ghost_happy_afterlife, first_ration,
          uniq_sigmund
D:4:      layout_rooms, temple_hall
D:5:      layout_cave_pools, nicolae_qazlal_general_emergency
D:7:      layout_loops_corners, uniq_duvessa
Temple:   eino_temple_rhombus

Skill      XL: |  1  2  3  4  5  6  7 |
---------------+----------------------+-----
Dodging        | 2 3 |  3.1
Stealth        | 2 3 |  3.1
Spellcasting   | 3 4 |  4.9
Fire Magic     | 4 |  4.7
Conjurations   | 2 |  2.9
Fighting       | 1 |  1.0
Throwing       | |  0.4

Action                   |  1- 3 |  4- 6 |  7- 9 || total
-------------------------+-------+-------+-------++-------
Melee: Unarmed           |    12 |     9 |     3 ||    24
       Tailslap          |     1 |       |     1 ||     2
Throw: Dart              |     7 |     8 |       ||    15
 Cast: Foxfire           |    63 |   116 |    38 ||   217
       Sticky Flame      |       |     2 |     2 ||     4
  Use: Scroll            |     1 |     6 |       ||     7
       Potion            |     2 |     3 |       ||     5
  Eat: Chunk             |     3 |     7 |     3 ||    13
       Ration            |       |       |     1 ||     1
Armor: Skin              |    16 |    47 |    21 ||    84
Dodge: Dodged            |    35 |    96 |    57 ||   188
